 Dungeon Crawl Stone Soup version 0.29-a0-541-gaf1fc19f1b (webtiles) character file.

Game seed: 18232357066310197794

48 IdlyInterested the Cudgeller (level 3, -3/27 HPs)
             Began as a Demonspawn Gladiator on June 2, 2022.
             Slain by a gnoll
             ... wielding a +0 whip
              (4 damage)
             ... on level 2 of the Dungeon.
             The game lasted 00:03:47 (1447 turns).

IdlyInterested the Cudgeller (Demonspawn Gladiator) Turns: 1447, Time: 00:03:48

Health: -3/27      AC:  8    Str: 15 (16) XL:     3   Next: 50%
Magic:  3/3        EV: 11    Int:  6 (9)  God:
Gold:   51         SH:  0    Dex: 11 (14) Spells: 2/2 levels left

rFire   . . .      SeeInvis .   a - +0 flail
rCold   . . .      Faith    .   (no shield)
rNeg    . . .      Spirit   .   m - +0 ring mail
rPois   .          Reflect  .   c - +0 helmet
rElec   .          Harm     .   o - +1 cloak
rCorr   .          Rampage  .   (no gloves)
Will    .....                   (no boots)
Stlth   +.........              (no amulet)
HPRegen 0.09/turn               (no ring)
MPRegen 0.08/turn               (no ring)

@: no status effects
A: foul stench 1, demonic magic 1
a: no special abilities


You were on level 2 of the Dungeon.
You visited 1 branch of the dungeon, and saw 2 of its levels.

You collected 51 gold pieces.

Inventory:

Hand Weapons
 a - a +0 flail (weapon)
Missiles
 d - 2 throwing nets (quivered)
 h - 23 stones
Armour
 b - a +0 leather armour
 c - a +0 helmet (worn)
 m - a +0 ring mail (worn)
 o - a +1 cloak (worn)
Scrolls
 i - 2 scrolls of immolation
 k - a scroll of amnesia
Potions
 j - a potion of mutation


   Skills:
 + Level 2.1 Fighting
 * Level 3.3 Maces & Flails
 - Level 1.7 Throwing
 * Level 1.2 Armour
 * Level 3.2 Dodging


You had 2 spell levels left.
You didn't know any spells.
Your spell library contained the following spells:

 Spells                   Type           Power      Damage    Failure   Level
 Scorch                   Fire           0%         2d5       82%         2
 Animate Dead             Necr           0%         N/A       100%        4
 Flame Wave               Conj/Fire      0%         2d4       100%        4
 Summon Cactus Giant      Summ           0%         N/A       100%        6
 Haunt                    Necr/Summ      0%         N/A       100%        7
 Infestation              Necr           0%         N/A       100%        8


Dungeon Overview and Level Annotations

Branches:
Dungeon (2/15)

Altars:

Shops:
D:1 =


Innate Abilities, Weirdness & Mutations

You may rarely emit foul miasma when damaged in melee.
Spells you cast may paralyse adjacent enemies.


Message History

You throw a poisoned dart. The poisoned dart hits the gnoll.
The gnoll is poisoned.
Throw: dart (poison)
Press: ? - help, Q - select action, (/) - cycle Shift-Dir - straight line, f/p - gnoll
Aim: a gnoll, wielding a +0 flail (moderately wounded, 60% to hit)
You throw a poisoned dart.
The poisoned dart barely misses the gnoll.
The poisoned dart closely misses the gnoll.
Throw: 25 stones
Press: ? - help, Shift-Dir - straight line, f/p - gnoll
Aim: a gnoll, wielding a +0 flail (moderately wounded, 60% to hit)
You throw a stone. The stone hits the gnoll.
The gnoll is heavily wounded.
Throw: 24 stones
Press: ? - help, Shift-Dir - straight line, f/p - gnoll
Aim: a gnoll, wielding a +0 flail (heavily wounded, 60% to hit)
You throw a stone.
The stone hits the gnoll but does no damage.
The gnoll is heavily wounded.
You closely miss the gnoll.
The gnoll is heavily wounded.
The gnoll hits you but does no damage.
You closely miss the gnoll.
The gnoll is heavily wounded.
The gnoll barely misses you.
You hit the gnoll but do no damage.
The gnoll is heavily wounded.
The gnoll looks more healthy.
The gnoll hits you with a +0 flail.
* * * LOW HITPOINT WARNING * * *
The gnoll barely misses you.
Throw: 3 throwing nets
Press: ? - help, Shift-Dir - straight line, f/p - gnoll
Aim: a gnoll, wielding a +0 flail (heavily wounded, 60% to hit)
You throw a throwing net. The throwing net hits the gnoll.
The gnoll is caught in the net!
The gnoll is heavily wounded.
You hit the gnoll.
You kill the gnoll!
The gnoll hits you with a +0 whip.
You die...

#.. ..# #.# #.# ###.##
#.# > .....# ##.## ###
##.. #.<# #... ..# .<.
#..# #.)######.##.##..
#†.# #................
#..# #.###........##.
###..###.###.###@####
#.....)......# #g#
#.#..##.########(######
.....##.# #.g.(...#
..#.###.# #.!.....#
.##.# #.. #...)...# .
... ..# #......... ##.#
#.# #...((..#. ## #.#
#.......#


You could see a gnoll and a hobgoblin.

Vanquished Creatures
  3 gnolls
  A ball python (D:1)
  4 endoplasms
  3 giant cockroaches
  A hobgoblin (D:1)
  4 jackals (D:1)
  3 quokkas (D:1)
  A bat (D:1)
  A frilled lizard (D:1)
  A goblin (D:2)
  2 kobolds (D:1)
  4 rats (D:1)
28 creatures vanquished.

Notes
Turn   | Place    | Note
-------+----------+-------------------------------------------
     0 | D:1      | IdlyInterested the Demonspawn Gladiator began the quest for
                  | the Orb.
     0 | D:1      | Reached XP level 1. HP: 16/16 MP: 1/1
   246 | D:1      | Gained mutation: You may rarely emit foul miasma when
                  | damaged in melee. [demonic ancestry]
   246 | D:1      | Reached XP level 2. HP: 14/22 MP: 2/2
   677 | D:1      | Found Ipopeah's Jewellery Emporium.
   724 | D:1      | Reached skill level 1 in Armour
  1041 | D:1      | Gained mutation: Spells you cast may paralyse adjacent
                  | enemies. [demonic ancestry]
  1041 | D:1      | Reached XP level 3. HP: 27/27 MP: 3/3
  1445 | D:2      | HP: 1/27 [gnoll/+0 flail (6)]
  1447 | D:2      | Slain by a gnoll

Illustrated notes

Levels and vault maps discovered:
D:1:      dpeg_arrival_windows_large_door, layout_loops_corners, serial_shops,
          shop, grunt_decor_clamped
D:2:      layout_loops_ring

Skill      XL: |  1  2 |
---------------+-------+-----
Maces & Flails | 3 |  3.3
Armour         | 1 |  1.2
Dodging        | 3 |  3.2
Fighting       | |  2.1
Throwing       | |  1.7

Action                   || total
-------------------------++-------
Melee: Flail             ||    85
Throw: Dart              ||     3
       Stone             ||     2
       Javelin           ||     1
       Throwing net      ||     1
  Use: Scroll            ||     5
       Potion            ||     1
Armor: Leather armour    ||    11
       Ring mail         ||    26
Dodge: Dodged            ||    74

Table legend: (Time is in decaauts)
 A = Elapsed time spent in this place.
 B = Non-inter-level travel time spent in this place.
 C = Inter-level travel time spent in this place.
 D = Time resting spent in this place.
 E = Time spent auto-exploring this place.
 F = Levels seen in this place.
 G = Mean time per level.
                   A        B        C        D        E       F      G
               +--------+--------+--------+--------+--------+-----+--------+
         Total |   1468 |   1425 |     43 |    365 |    763 |   2 |  734.0 |
       Dungeon |   1468 |   1425 |     43 |    365 |    763 |   2 |  734.0 |
               +--------+--------+--------+--------+--------+-----+--------+

Top non-repeatable levels by time:
     D:1: 1340 daAuts
     D:2: 127 daAuts
